 Dungeon Crawl Stone Soup version 0.30-a0-1102-g2dbb833546 (webtiles) character file.

Game seed: 16310024161720368491

10089 FlurksSlurper the Shooter (level 11, -2/77 HPs)
             Began as a Demonspawn Brigand on Apr 18, 2023.
             Was an Initiate of Gozag.
             Slain by a sixfirhy (8 damage)
             ... summoned by an orc high priest
             ... on level 1 of the Orcish Mines.
             The game lasted 00:51:00 (11199 turns).

FlurksSlurper the Shooter (Demonspawn Brigand)     Turns: 11199, Time: 00:51:01

Health: -2/77      AC:  5    Str: 16    XL:     11   Next: 31%
Magic:  0/19       EV: 13    Int: 17    God:    Gozag
Gold:   2128       SH:  6    Dex: 15    Spells: 4/20 levels left

rFire   . . .      SeeInvis .    a - +11 sling of No Interval {heavy, rPois Str+5}
rCold   + . .      Faith    .    y - +3 warlock's mirror {omnireflect}
rNeg    . . .      Spirit   +    t - +0 leather armour
rPois   +          Reflect  +    (helmet restricted)
rElec   .          Rampage  .    c - +1 cloak
rCorr   .                        (no gloves)
Will    .....                    (no boots)
Stlth   +++                      (no amulet)
HPRegen 0.32/turn                m - ring of protection from cold
MPRegen 0.32/turn                e - ring of poison resistance

@: about to teleport, portalling projectiles, hasted, very quick
A: antennae 1, repulsion field 1, spiny 1, magic shield, magic regeneration,
magic link, bedeviling
a: Renounce Religion, Potion Petition, Call Merchant, Bribe Branch


You were on level 1 of the Orcish Mines.
You worshipped Gozag.
Gozag was most pleased with you.
You visited 4 branches of the dungeon, and saw 17 of its levels.
You also visited: Bailey.

You collected 3560 gold pieces.
You spent 979 gold pieces at shops.
You paid 453 gold pieces to Gozag.

Inventory:

Hand Weapons
 a - the +11 sling of No Interval (weapon) {heavy, rPois Str+5}
   (You found it on level 5 of the Dungeon)

   Str:       It affects your strength (+5).
   rPois:     It protects you from poison.
 b - a +5 broad axe of venom
Missiles
 d - 33 poisoned darts
 f - a throwing net
 r - 14 silver boomerangs
 s - 35 boomerangs
Armour
 c - a +1 cloak (worn)
 h - a +0 crystal plate armour
 t - a +0 leather armour (worn)
 y - the +3 warlock's mirror (worn) {omnireflect}
   (You bought it in a shop on level 5 of the Dungeon)

   Omnireflect: It can block and reflect piercing ranged attacks and magical
   attacks against the wielder's willpower.
Jewellery
 e - a ring of poison resistance (right hand)
 m - a ring of protection from cold (left hand)
 z - a ring of protection from fire
Wands
 B - a wand of polymorph (4)
 G - a wand of flame (2)
Scrolls
 g - 3 scrolls of enchant armour
 j - a scroll of identify
 k - a scroll of teleportation
 n - 2 scrolls of enchant weapon
 q - a scroll of amnesia
 C - a scroll of brand weapon
 I - 2 scrolls of vulnerability
 M - a scroll of immolation
Potions
 i - a potion of berserk rage
 p - 2 potions of mutation
 u - a potion of haste
 w - 2 potions of might
 x - 3 potions of brilliance
 D - a potion of curing
 H - a potion of lignification


   Skills:
 - Level 4.1 Fighting
 - Level 1.7 Short Blades
 * Level 3.3 Axes
 - Level 7.8 Ranged Weapons
 - Level 3.3 Throwing
 - Level 1.2 Armour
 - Level 1.8 Dodging
 - Level 4.4 Stealth
 - Level 5.3 Spellcasting
 * Level 3.9 Conjurations
 - Level 6.7 Hexes
 - Level 0.6 Summonings
 - Level 5.7 Necromancy
 - Level 5.7 Translocations
 * Level 2.5 Air Magic
 * Level 2.9 Poison Magic


You had 4 spell levels left.
You knew the following spells:

 Your Spells              Type           Power      Damage    Failure   Level
a - Portal Projectile     Hex/Tloc       76%        N/A       5%          3
b - Mephitic Cloud        Conj/Pois/Air  15%        N/A       19%         3
c - Blink                 Tloc           48%        N/A       3%          2
d - Dispel Undead         Necr           23%        3d12      22%         4
e - Summon Ice Beast      Ice/Summ       5%         N/A       89%         4

Your spell library contained the following spells:

 Spells                   Type           Power      Damage    Failure   Level
 Kiss of Death            Conj/Necr      80%        2d11      3%          1
 Lesser Beckoning         Tloc           48%        N/A       3%          2
 Momentum Strike          Conj/Tloc      42%        3d9       4%          2
 Confusing Touch          Hex            41%        N/A       4%          3
 Gell's Gravitas          Tloc           24%        N/A       6%          3
 Teleport Other           Tloc           24%        N/A       6%          3
 Cigotuvi's Dreadful Rot  Necr/Pois/Air  34%        N/A       8%          2
 Frozen Ramparts          Ice            8%         1d2       56%         3
 Ozocubu's Armour         Ice            4%         N/A       56%         3
 Olgreb's Toxic Radiance  Pois           14%        N/A       56%         4
 Airstrike                Air            6%         2d(1-17)  63%         4
 Animate Armour           Summ/Erth      10%        N/A       89%         4
 Ice Form                 Ice/Tmut       4%         N/A       92%         4
 Metabolic Englaciation   Hex/Ice        12%        N/A       85%         5
 Freezing Cloud           Conj/Ice/Air   5%         6-21      95%         5
 Blade Hands              Tmut           2%         N/A       99%         5
 Iron Shot                Conj/Erth      5%         9d2       100%        6
 Plasma Beam              Fire/Air       4%         2x1d15    100%        6
 Statue Form              Tmut/Erth      2%         N/A       100%        6
 Simulacrum               Ice/Necr       Unusable   N/A       N/A         6

Dungeon Overview and Level Annotations

Branches:
Dungeon (13/15)            Temple (1/1) D:5             Orc (2/2) D:12
    Elf (1/3) Orc:2        Bailey (visited)
   Lair: D:8-11      Vaults: D:13-14

Altars:
Ashenzari
Cheibriados
Dithmenos
Fedhas
Gozag
Hepliaklqana
Kikubaaqudgha
Nemelex Xobeh
Okawaru
Qazlal
Ru
Sif Muna
Trog
Uskayaw
Vehumet
Wu Jian
Xom
Yredelemnul

Shops:
D:5 [   D:8 ?   D:9 *

Annotations:
Orc:1 Erica


Innate Abilities, Weirdness & Mutations

You have a pair of small antennae on your head.
You are surrounded by a mild repulsion field. (EV +2)
You are partially covered in sharp spines.
When hurt, damage is shared between your health and your magic reserves.
You regenerate magic rapidly.
When low on magic, you restore magic in place of health.
Your hexes are more powerful.


Message History

You block the ice devil's attack.
The orc high priest prays to Beogh.
Fire: a) +11 sling of No Interval {heavy, rPois Str+5}
Press: ? - help, Q - select action, (/) - cycle Shift-Dir - straight line, f/p - orc high priest
Aim: an orc high priest, wielding a +0 hand axe of flaming (moderately wounded, 72% to hit)
You magically shoot a sling bullet.
The sling bullet hits the orc high priest!
The orc high priest is moderately wounded.
The sixfirhy hits you. The sixfirhy shocks you!
The sixfirhy is struck by your spines. The sixfirhy closely misses you.
The sixfirhy is struck by your spines. The sixfirhy hits you!
The sixfirhy shocks you!
The hellwing swoops through the air toward you!
You block the hellwing's attack. The hellwing misses you.
The sixfirhy is struck by your spines. The sixfirhy hits you!
The sixfirhy shocks you! The hellwing hits you!
* * * LOW HITPOINT WARNING * * *
The hellwing hits you.
* * * LOW HITPOINT WARNING * * *
As you read the scroll of teleportation, it crumbles to dust.
You feel strangely unstable. You block the sixfirhy's attack.
The hellwing barely misses you. The hellwing closely misses you.
Unknown command.
You feel much better.
The orc high priest is struck by your spines.
The orc high priest hits you with a +0 hand axe of flaming!
The orc high priest burns you. The hellwing hits you!
* * * LOW HITPOINT WARNING * * *
The hellwing hits you but does no damage.
Unknown command.
Aiming: Polymorph
Press: ? - help, Shift-Dir - straight line, f/p - orc high priest
Aim: an orc high priest, wielding a +0 hand axe of flaming (heavily wounded, will become an ettin, a shock serpent, or a slime creature, chance to affect: 17%)
Okay, then.
Unknown command.
You feel yourself speed up. The sixfirhy hits you!
* * * LOW HITPOINT WARNING * * *
The sixfirhy shocks you!
You die...
Your body crumbles into a pile of gold.

### ##.###
#.4..##
##.@o4#
###3.####
#o....##
##.....#
#.o...##
#....##
......$.#.#
^...#.$....#
...........#


You could see an orc high priest, a hellwing (summoned), an ice devil
(summoned), a sixfirhy (summoned), an orc warrior and an orc.

Vanquished Creatures
  An orc warlord (Bailey)
  2 two-headed ogres (D:10)
  A centaur warrior (D:10)
  An orc high priest (Orc:1)
  An orc sorcerer (Orc:1)
  A cyclops (Orc:1)
  A troll (Orc:2)
  A hornet (D:9)
  2 wraiths
  4 yaks (D:10)
  A wyvern (D:9)
  2 wargs
  Edmund (D:6)
  3 acid dragons
  2 water moccasins
  4 ogres
  13 orc warriors
  A black bear (D:5)
  2 centaurs
  3 kobold brigands
  A bullfrog (D:7)
  A scorpion (D:6)
  5 wights (D:9)
  6 killer bees (D:8)
  2 electric eels (D:6)
  6 orc priests
  Crazy Yiuf (D:4)
  4 iguanas
  17 orc wizards
  4 sleepcaps
  3 gnolls (Bailey)
  6 adders
  3 shadow imps
  A white imp (D:7)
  2 ufetubi
  3 worms
  3 dart slugs
  48 orcs
  9 ball pythons
  11 endoplasms
  13 goblins
  15 hobgoblins
  33 kobolds
  A quokka (D:1)
  7 bats
  8 rats
260 creatures vanquished.

Vanquished Creatures (others)
  An orc wizard (Orc:2)
  A bush (D:5)
  2 fungi (D:4)
  A plant (D:9)
5 creatures vanquished.

Grand Total: 265 creatures vanquished

Notes
Turn   | Place    | Note
-------+----------+-------------------------------------------
     0 | D:1      | FlurksSlurper the Demonspawn Brigand began the quest for
                  | the Orb.
     0 | D:1      | Reached XP level 1. HP: 16/16 MP: 1/1
    89 | D:1      | Reached skill level 1 in Spellcasting
   180 | D:1      | Gained mutation: You regenerate magic rapidly. [demonic
                  | ancestry]
   180 | D:1      | Reached XP level 2. HP: 16/22 MP: 2/4
   671 | D:1      | Found a faded altar of an unknown god.
   833 | D:2      | Got the Anthology of the Switch and the Curse
   861 | D:2      | Gained mutation: You have a pair of small antennae on your
                  | head. [demonic ancestry]
   861 | D:2      | Reached XP level 3. HP: 27/27 MP: 6/6
  1695 | D:3      | Gained mutation: When hurt, damage is shared between your
                  | health and your magic reserves. [demonic ancestry]
  1695 | D:3      | Reached XP level 4. HP: 32/33 MP: 8/8
  1748 | D:3      | Reached skill level 1 in Ranged Weapons
  1760 | D:3      | Found a radiant altar of Vehumet.
  2223 | D:3      | Found an ancient bone altar of Kikubaaqudgha.
  2223 | D:3      | Found an opulent altar of Gozag.
  2231 | D:3      | Became a worshipper of Gozag Ym Sagoz the Greedy
  2525 | D:3      | Reached skill level 2 in Ranged Weapons
  2627 | D:3      | Learned a level 3 spell: Portal Projectile
  2715 | D:4      | Gained mutation: When low on magic, you restore magic in
                  | place of health. [demonic ancestry]
  2715 | D:4      | Reached XP level 5. HP: 35/38 MP: 6/9
  3035 | D:4      | Reached skill level 1 in Hexes
  3245 | D:4      | Reached skill level 1 in Translocations
  3411 | D:4      | Found a runed translucent door.
  3412 | D:4      | Noticed Crazy Yiuf
  3569 | D:4      | Killed Crazy Yiuf
  3738 | D:5      | Entered Level 5 of the Dungeon
  3808 | D:5      | Found Biexies's Armour Shoppe.
  3868 | D:5      | Found a staircase to the Ecumenical Temple.
  3896 | Temple   | Entered the Ecumenical Temple
  4108 | D:5      | Found a blossoming altar of Fedhas.
  4147 | D:5      | Reached XP level 6. HP: 46/46 MP: 11/11
  4595 | D:5      | Reached skill level 1 in Dodging
  4595 | D:5      | Reached XP level 7. HP: 48/51 MP: 10/12
  4782 | D:5      | Identified the +11 sling of No Interval {heavy, rPois
                  | Str+5}
  5158 | D:6      | Noticed Edmund
  5181 | D:6      | Killed Edmund
  5182 | D:6      | Reached skill level 3 in Ranged Weapons
  5182 | D:6      | Reached skill level 1 in Armour
  5651 | D:6      | Gained mutation: You are partially covered in sharp spines.
                  | [demonic ancestry]
  5651 | D:6      | Reached XP level 8. HP: 57/57 MP: 14/14
  5785 | D:6      | Found an ornate altar of the Wu Jian Council.
  6088 | D:6      | Reached skill level 4 in Ranged Weapons
  6243 | D:7      | Reached skill level 5 in Ranged Weapons
  6333 | D:7      | Found a flagged portal.
  6363 | Bailey   | Entered a bailey
  6412 | Bailey   | Noticed an orc warlord
  6512 | Bailey   | Found a runed translucent gate.
  6513 | Bailey   | Found a runed translucent gate.
  6515 | Bailey   | Found a runed translucent gate.
  6611 | Bailey   | Acquired the Folio of Fulgurant Putrescence
  6617 | Bailey   | Learned a level 3 spell: Mephitic Cloud
  6656 | Bailey   | Learned a level 2 spell: Blink
  6689 | Bailey   | Killed an orc warlord
  6690 | Bailey   | Reached skill level 5 in Translocations
  6690 | Bailey   | Gained mutation: You are surrounded by a mild repulsion
                  | field. (EV +2) [demonic ancestry]
  6690 | Bailey   | Reached XP level 9. HP: 23/62 MP: 8/15
  6861 | Bailey   | Acquired 1232 gold pieces
  7218 | D:5      | Bought the +3 warlock's mirror {omnireflect} for 520 gold
                  | pieces
  7218 | D:5      | Found the +3 warlock's mirror {omnireflect}
  7414 | D:7      | Found a bloodstained altar of Trog.
  7531 | D:8      | Bought a scroll of identify for 26 gold pieces
  7531 | D:8      | Bought 3 scrolls of identify for 78 gold pieces
  7531 | D:8      | Bought a scroll of teleportation for 39 gold pieces
  7531 | D:8      | Bought a scroll of vulnerability for 52 gold pieces
  7531 | D:8      | Bought a scroll of identify for 26 gold pieces
  7531 | D:8      | Bought a scroll of identify for 26 gold pieces
  7567 | D:8      | Found a sacrificial altar of Ru.
  7619 | D:8      | Learned a level 4 spell: Dispel Undead
  7630 | D:8      | Reached skill level 1 in Conjurations
  7630 | D:8      | Reached skill level 1 in Necromancy
  8000 | D:8      | Found a shimmering blue altar of Sif Muna.
  8423 | D:9      | Paralysed by a hornet for 2 turns
  8431 | D:9      | Gained mutation: Your hexes are more powerful. [demonic
                  | ancestry]
  8431 | D:9      | Reached XP level 10. HP: 9/69 MP: 7/16
  8723 | D:9      | Reached skill level 5 in Necromancy
  8750 | D:9      | Found Ityq's General Store.
  8759 | D:9      | Bought a potion of berserk rage for 85 gold pieces
  8759 | D:9      | Bought a scroll of blinking for 127 gold pieces
  9150 | D:10     | Entered Level 10 of the Dungeon
  9202 | D:10     | Noticed a two-headed ogre
  9224 | D:10     | Killed a two-headed ogre
  9225 | D:10     | Reached skill level 5 in Spellcasting
  9276 | D:10     | Reached skill level 6 in Ranged Weapons
  9289 | D:10     | Reached skill level 1 in Poison Magic
  9539 | D:10     | Noticed a centaur warrior
  9540 | D:10     | Noticed a two-headed ogre
  9543 | D:10     | Killed a centaur warrior
  9544 | D:10     | Reached skill level 1 in Air Magic
  9546 | D:10     | Reached skill level 7 in Ranged Weapons
  9556 | D:10     | Killed a two-headed ogre
  9845 | D:10     | Learned a level 4 spell: Summon Ice Beast
  9855 | D:11     | Noticed a two-headed ogre
  9907 | D:12     | Noticed a six-headed hydra
  9923 | D:12     | Noticed a boulder beetle
  9950 | D:13     | Noticed a tengu warrior
 10035 | D:12     | Found a staircase to the Orcish Mines.
 10070 | Orc:1    | Entered Level 1 of the Orcish Mines
 10092 | Orc:1    | Noticed a cyclops
 10217 | Orc:1    | Killed a cyclops
 10244 | Orc:1    | Noticed an orc sorcerer
 10248 | Orc:1    | Killed an orc sorcerer
 10249 | Orc:1    | Reached XP level 11. HP: 77/77 MP: 13/19
 10298 | Orc:1    | Reached skill level 1 in Axes
 10450 | Orc:1    | Noticed an orc knight
 10452 | Orc:1    | Noticed an orc sorcerer
 10469 | Orc:2    | Entered Level 2 of the Orcish Mines
 10649 | Orc:2    | Found a staircase to the Elven Halls.
 10755 | Orc:2    | Noticed an orc high priest
 10765 | Elf:1    | Entered Level 1 of the Elven Halls
 10765 | Elf:1    | Noticed a deep elf pyromancer
 10765 | Elf:1    | Noticed a deep elf pyromancer
 10767 | Elf:1    | Noticed a deep elf zephyrmancer
 10779 | Elf:1    | Noticed a deep elf pyromancer
 10945 | Orc:1    | Noticed Erica
 10945 | Orc:1    | Noticed an orc high priest
 10967 | Orc:1    | Killed an orc high priest
 11196 | Orc:1    | Noticed a sixfirhy
 11199 | Orc:1    | Slain by a sixfirhy

Illustrated notes

Levels and vault maps discovered:
D:1:      psy_arrival_dodecagon, layout_basic,
          shapermc_ecumenical_altar_mp_urbaneastern
D:2:      layout_rooms
D:3:      layout_basic, mainiacjoe_overflow_large_starburst,
          mainiacjoe_overflow_alcove_4, vehumet_crystals
D:4:      wander_river, layout_rooms, mainiacjoe_overflow_alcove_1,
          uniq_crazy_yiuf_cottage
D:5:      layout_loops_corners, mainiacjoe_overflow_small_starburst,
          minmay_temple_entry_large_hall, serial_shops, shop,
          kb_lookout_dungeons_type
D:6:      lemuel_ice_spiral_2, layout_basic, mainiacjoe_overflow_24_doors,
          hex_tiny, fountainhead, uniq_edmund
D:7:      layout_rooms, marbit_many_paths, enter_bailey_4,
          eino_small_chamber_without_monster
D:8:      layout_cave_pools, amcnicky_altar_gilded,
          nicolae_overflow_hidden_temple
D:9:      corexii_shack_village, layout_loops_cross, serial_shops, shop,
          minmay_unpleasant_kobolds
D:10:     layout_basic, bloody_makhleb
D:11:     layout_basic, minmay_lair_entry_grove, uniq_erolcha
D:12:     layout_cave_pods, orc_david_3, kennysheep_generic_room_15
D:13:     layout_basic, serial_shops, shop, dreamdust_princess_corridor
Temple:   chequers_temple_sunken
Orc:1:    layout_caves, uniq_erica
Orc:2:    st_orc_congregation, layout_caves, basic_altar, serial_shops, shop,
          nicolae_shop_real_fake_doors, shop, shop
Elf:1:    eino_elf_arrival_customs, layout_geoelf_octagon,
          minmay_elf_annihilation, minivault_5, minmay_misc_feat_diagonals

Skill      XL: |  1  2  3  4  5  6  7  8  9 10 11 |
---------------+----------------------------------+-----
Spellcasting   | 1 2 3 4 5 |  5.3
Ranged Weapons | 2 3 5 7 |  7.8
Hexes          | 1 2 3 6 |  6.7
Throwing       | 2 3 |  3.3
Translocations | 1 5 |  5.7
Dodging        | 1 |  1.8
Stealth        | 4 |  4.4
Armour         | 1 |  1.2
Conjurations   | 3 |  3.9
Necromancy     | 4 5 |  5.7
Fighting       | 4 |  4.1
Poison Magic   | 2 |  2.9
Air Magic      | 1 2 |  2.5
Axes           | 3 |  3.3
Short Blades   | |  1.7
Summonings     | |  0.6

Action                     |  1- 3 |  4- 6 |  7- 9 | 10-12 || total
---------------------------+-------+-------+-------+-------++-------
  Melee: Dagger            |   132 |   151 |    11 |       ||   294
         Punch             |       |     2 |       |       ||     2
         Broad axe         |       |       |       |     3 ||     3
   Fire: Sling             |       |       |   190 |   198 ||   388
  Throw: Dart              |    13 |    85 |    10 |    11 ||   119
         Throwing net      |       |     1 |       |       ||     1
         Boomerang         |       |     1 |       |       ||     1
   Cast: Portal Projectile |       |       |     1 |     5 ||     6
         Mephitic Cloud    |       |       |       |    16 ||    16
 Invoke: Call Merchant     |       |       |     1 |       ||     1
  Evoke: Wand              |       |    14 |    28 |     1 ||    43
    Use: Scroll            |       |     6 |    21 |     9 ||    36
         Potion            |       |     2 |     2 |     3 ||     7
   Stab: Sleeping          |     7 |     1 |       |       ||     8
         Paralysed         |       |     6 |       |       ||     6
 Armour: Robe              |    34 |    37 |     8 |       ||    79
         Leather armour    |       |       |     6 |    13 ||    19
  Dodge: Dodged            |    56 |   135 |    64 |    51 ||   306
  Block: Buckler           |       |       |    21 |    39 ||    60
         Reflection        |       |       |     1 |     8 ||     9

Table legend: (Time is in decaauts)
 A = Elapsed time spent in this place.
 B = Non-inter-level travel time spent in this place.
 C = Inter-level travel time spent in this place.
 D = Time resting spent in this place.
 E = Time spent auto-exploring this place.
 F = Levels seen in this place.
 G = Mean time per level.
                   A        B        C        D        E       F      G
               +--------+--------+--------+--------+--------+-----+--------+
         Total |  11493 |  11165 |    328 |   2317 |   6036 |  18 |  638.5 |
       Dungeon |   9500 |   9183 |    317 |   1591 |   5493 |  13 |  730.8 |
        Temple |    250 |    240 |     10 |      0 |    234 |   1 |  250.0 |
  Orcish Mines |   1025 |   1025 |      0 |    426 |    236 |   2 |  512.5 |
   Elven Halls |    161 |    161 |      0 |    159 |      0 |   1 |  161.0 |
        Bailey |    556 |    556 |      0 |    141 |     72 |   1 |  556.0 |
               +--------+--------+--------+--------+--------+-----+--------+

Top non-repeatable levels by time:
     D:3: 1237 daAuts
     D:5: 1202 daAuts
     D:6: 1188 daAuts
     D:4: 1064 daAuts
     D:9: 1010 daAuts
     D:1: 810 daAuts
     D:7: 732 daAuts
    D:10: 723 daAuts
     D:8: 699 daAuts
   Orc:1: 680 daAuts
     D:2: 601 daAuts
  Bailey: 556 daAuts
   Orc:2: 344 daAuts
  Temple: 250 daAuts
    D:12: 185 daAuts
